 Dungeon Crawl Stone Soup version 0.27-a0-1347-gd8886f0a89 (webtiles) character file.

Game seed: 18211445214303805362

1668 ipx the Conjurer (level 8, -18/48 HPs)
             Began as a Deep Elf Fire Elementalist on June 28, 2021.
             Was a Believer of Ashenzari.
             Demolished by a skeletal warrior (30 damage)
             ... on level 7 of the Dungeon.
             The game lasted 00:39:44 (2783 turns).

ipx the Conjurer (Deep Elf Fire Elementalist)       Turns: 2783, Time: 00:39:44

Health: -18/48     AC:  4    Str:  5    XL:     8   Next: 69%
Magic:  1/16       EV: 14    Int: 23    God:    Ashenzari [**....]
Gold:   278        SH:  0    Dex: 15    Spells: 2/15 levels left

rFire    . . .     SeeInvis +   a - +2 dagger of the Shackled Blue Moon {venom, Self, Evo} (curse)
rCold    . . .     Faith    .   (no shield)
rNeg     . . .     Spirit   .   d - +0 robe "Share My Portent" {Melee, Alch} (curse)
rPois    .         Reflect  .   (no helmet)
rElec    .         Harm     .   B - +0 cloak
rCorr    .         Rampage  .   j - +0 pair of gloves of the Eye in the Sky {Elem, Cun} (curse)
Will     .....                  (no boots)
Stlth    +++.......             (no amulet)
HPRegen  0.16/turn              l - ring of flight
MPRegen  0.15/turn              (no ring)

@: flying
A: no striking features
a: Renounce Religion, Curse Item, Shatter the Chains


You were on level 7 of the Dungeon.
You worshipped Ashenzari.
Ashenzari was pleased with you.
You visited 1 branch of the dungeon, and saw 7 of its levels.
You also visited: Sewer.

You collected 278 gold pieces.

Inventory:

Hand Weapons
 a - the cursed +2 dagger of the Shackled Blue Moon (weapon) {venom, Self, Evo}
   (You took it off a kobold on level 1 of the Dungeon)

   It poisons the flesh of those it strikes.
   It has a curse which improves the following skills: Introspection: Fighting
   and Spellcasting.
   Evocations: Evocations.
 b - a +4 trident
Missiles
 x - a curare-tipped dart
Armour
 d - the cursed +0 robe "Share My Portent" (worn) {Melee, Alch}

   It has a curse which improves the following skills: Melee Combat: Short
   Blades, Long Blades, Axes, Maces & Flails, Polearms, Staves and Unarmed
   Combat.
   Alchemy:   Poison Magic and Transmutations.
 j - the cursed +0 pair of gloves of the Eye in the Sky (worn) {Elem, Cun}
   (You found it on level 1 of the Dungeon)

   It has a curse which improves the following skills: Elements: Fire Magic, Ice
   Magic, Air Magic and Earth Magic.
   Cunning:   Dodging and Stealth.
 r - a +0 pair of gloves
 v - a +0 buckler
 B - a +0 cloak (worn)
Jewellery
 g - an amulet of guardian spirit
 l - a ring of flight (left hand)
Wands
 e - a wand of iceblast (5)
 u - a wand of mindburst (12)
 y - a wand of paralysis (7)
Scrolls
 c - 6 scrolls of fear
 i - 2 scrolls of amnesia
 k - 2 scrolls of enchant armour
 n - 2 scrolls of magic mapping
 p - 5 scrolls of teleportation
 t - a scroll of immolation
Potions
 f - 3 potions of might
 h - 7 potions of haste
 m - a potion of heal wounds
 o - a potion of lignification
 q - 2 potions of mutation
 s - 2 potions of invisibility
 w - 2 potions of magic
 z - a potion of brilliance
 A - a potion of curing


   Skills:
 - Level 2.7(4.0) Fighting
 + Level 2.0(3.1) Short Blades
 + Level 4.1(5.5) Dodging
 + Level 4.7(6.1) Stealth
 + Level 0.0 Shields
 - Level 3.0(4.2) Spellcasting
 - Level 7.0 Conjurations
 - Level 6.5(8.0) Fire Magic
 - Level 4.6(6.0) Evocations


You had 2 spell levels left.
You knew the following spells:

 Your Spells              Type           Power      Damage    Failure   Level
b - Fireball              Conj/Fire      19%        3d9       13%         5
c - Conjure Flame         Conj/Fire      39%        6-21      1%          3
t - Sticky Flame          Conj/Fire      39%        2d6       4%          4
x - Foxfire               Conj/Fire      100%       2x1d9     1%          1

Your spell library contained the following spells:

 Spells                   Type           Power      Damage    Failure   Level
 Beastly Appendage        Tmut           10%        N/A       10%         1
 Freeze                   Ice            20%        1d4       10%         1
 Wereblood                Tmut           5%         N/A       14%         2
 Inner Flame              Hex/Fire       23%        N/A       6%          3
 Hailstorm                Conj/Ice       21%        3d6       24%         4
 Frozen Ramparts          Ice            10%        1d3       28%         3
 Ozocubu's Armour         Ice            5%         N/A       28%         3
 Spider Form              Tmut/Pois      2%         N/A       28%         3
 Ice Form                 Ice/Tmut       5%         N/A       67%         4
 Metabolic Englaciation   Hex/Ice        2%         N/A       95%         5


Dungeon Overview and Level Annotations

Branches:
Dungeon (7/15)             Temple (0/1) D:4           Sewer (visited)

Altars:
Ashenzari
Qazlal
The Shining One

Shops:
D:2 (


Message History

Casting: Foxfire (safe; 1% risk of failure)
Confirm with . or Enter, or press ? or * to list all spells.
Aiming: Sticky Flame (dangerous; 4% risk of failure)
Press: ? - help, Shift-Dir - straight line, f - skeletal warrior
Aim: a skeletal warrior, wielding a +0 dire flail (ally target, 100% to hit)
The sticky flame hits the skeletal warrior but does no damage.
The skeletal warrior is covered in liquid flames!
The skeletal warrior burns!
The foxfire hits the skeletal warrior but does no damage.
The skeletal warrior is lightly damaged.
The skeletal warrior burns!
The skeletal warrior burns!
The skeletal warrior burns!
The skeletal warrior stops burning.
Casting: Sticky Flame (dangerous; 4% risk of failure)
Confirm with . or Enter, or press ? or * to list all spells.
Aiming: Sticky Flame (dangerous; 4% risk of failure)
Press: ? - help, Shift-Dir - straight line, f/p - skeletal warrior
Aim: a skeletal warrior, wielding a +0 dire flail (moderately damaged, 100% to hit)
The sticky flame hits the skeletal warrior.
The skeletal warrior is moderately damaged.
The skeletal warrior is covered in liquid flames!
The skeletal warrior burns!
The skeletal warrior hits you with a +0 dire flail!
The skeletal warrior burns!
The skeletal warrior burns!
The skeletal warrior stops burning.
Casting: Sticky Flame (dangerous; 4% risk of failure)
Confirm with . or Enter, or press ? or * to list all spells.
Aiming: Sticky Flame (dangerous; 4% risk of failure)
Press: ? - help, Shift-Dir - straight line, f/p - skeletal warrior
Aim: a skeletal warrior, wielding a +0 dire flail (heavily damaged, 100% to hit)
The sticky flame hits the skeletal warrior.
The skeletal warrior is heavily damaged.
The skeletal warrior is covered in liquid flames!
The skeletal warrior burns!
The skeletal warrior hits you with a +0 dire flail!
* * * LOW HITPOINT WARNING * * *
The skeletal warrior burns!
The skeletal warrior hits you with a +0 dire flail!!
Ouch! That really hurt!
You die...

####.##### .....*
.........#####...### , *
.###.###.#.. ,.....# , ## .#
#[# #.#.# #.##.# * , ,#. )#
#.###.#.####.##.##### **.#, (#
#...................# ####.##
.# #####.#.###...#.###.#
#.....# .#
#.#.#.......###.####..####
.#######.#....<.@z...........#
.........###.#.....###.#######
########## #.#..##.# #.#
#.......# #.# ###......,..#
##.######## #.# * * #.# , #>#
, ,


You could see a skeletal warrior (burning).

Vanquished Creatures
  2 black bears (D:5)
  2 necrophages
  A centaur (D:7)
  A phantom (D:6)
  2 kobold brigands (Sewer)
  A bullfrog (D:5)
  2 scorpions
  A wyvern zombie (D:7)
  3 wights (D:6)
  A howler monkey (D:6)
  2 bullfrog zombies (D:5)
  4 hounds
  3 orc wizards (D:3)
  A scorpion zombie (D:5)
  2 iguanas (D:5)
  A killer bee zombie (D:6)
  A howler monkey zombie (D:7)
  A howler monkey skeleton (D:7)
  9 adders
  3 river rats
  A white imp (D:5)
  An ufetubus (D:6)
  4 worms (Sewer)
  3 dart slugs
  12 orcs
  5 ball pythons
  4 endoplasms
  3 giant cockroaches
  4 goblins
  4 hobgoblins
  5 jackals
  6 quokkas
  8 bats
  4 frilled lizards
  14 kobolds
  10 rats
131 creatures vanquished.

Vanquished Creatures (others)
  355 foxfires
355 creatures vanquished.

Grand Total: 486 creatures vanquished

Notes
Turn   | Place    | Note
-------+----------+-------------------------------------------
     0 | D:1      | ipx the Deep Elf Fire Elementalist began the quest for the
                  | Orb.
     0 | D:1      | Reached XP level 1. HP: 10/10 MP: 6/6
    88 | D:1      | Reached skill level 2 in Conjurations
    92 | D:1      | Reached XP level 2. HP: 14/15 MP: 0/8
   262 | D:1      | Reached XP level 3. HP: 19/19 MP: 4/9
   266 | D:1      | Learned a level 3 spell: Conjure Flame
   340 | D:2      | Reached skill level 3 in Conjurations
   367 | D:2      | Found Buecwump's Weapon Boutique.
   777 | D:3      | Reached XP level 4. HP: 24/24 MP: 7/10
   782 | D:3      | Learned a level 4 spell: Sticky Flame
   794 | D:3      | Found a broken altar of Ashenzari.
   811 | D:3      | Became a worshipper of Ashenzari the Shackled
  1037 | D:3      | Found a stormy altar of Qazlal.
  1059 | D:3      | Reached skill level 4 in Conjurations
  1059 | D:3      | Reached XP level 5. HP: 28/28 MP: 3/11
  1365 | D:4      | Noticed a necrophage
  1379 | D:4      | Killed a necrophage
  1380 | D:4      | Reached skill level 5 in Fire Magic
  1380 | D:4      | Reached XP level 6. HP: 32/32 MP: 4/12
  1396 | D:4      | Found a staircase to the Ecumenical Temple.
  1460 | D:5      | Entered Level 5 of the Dungeon
  1494 | D:5      | Found a glowing golden altar of the Shining One.
  1531 | D:5      | Reached * piety under Ashenzari
  1540 | D:5      | Found a glowing drain.
  1562 | Sewer    | Entered a sewer
  1644 | Sewer    | Reached skill level 5 in Conjurations
  1668 | Sewer    | Reached skill level 1 in Evocations
  1736 | Sewer    | Reached XP level 7. HP: 26/36 MP: 9/14
  2145 | D:5      | Reached skill level 1 in Fighting
  2145 | D:5      | Reached skill level 6 in Conjurations
  2173 | D:5      | Reached XP level 8. HP: 33/45 MP: 5/15
  2275 | D:6      | Reached ** piety under Ashenzari
  2396 | D:6      | Learned a level 5 spell: Fireball
  2581 | D:6      | Reached skill level 7 in Conjurations
  2628 | D:6      | Reached skill level 1 in Short Blades
  2766 | D:7      | Noticed a skeletal warrior
  2783 | D:7      | Demolished by a skeletal warrior

Illustrated notes

Levels and vault maps discovered:
D:1:      amcnicky_arrival_feature_with_door, layout_basic, st_stairs_8,
          minmay_ruptured
D:2:      layout_loops_ring, serial_shops, shop, serial_rivers,
          chequers_serial_rivers_room_a, chequers_serial_rivers_room_a,
          chequers_serial_rivers_micro_c, chequers_serial_rivers_marsh,
          chequers_serial_rivers_micro_b, chequers_serial_rivers_micro_d,
          minmay_stone_trees_small, roderic_serpentine_path,
          minmay_misc_feat_square
D:3:      layout_basic, chequers_temple_overflow_minitemple,
          nicolae_qazlal_scattered_showers, cheibrodos_ashenzari_chains
D:4:      layout_loops_corners, minmay_temple_entry_purple_smoke,
          minmay_hedge_maze
D:5:      layout_loops_ring, portal_sewer_entry_a, minmay_ruined_shrine
D:6:      layout_basic, serial_shops, kennysheep_mini
D:7:      minmay_cornered_nines, layout_loops_corners, makhleb_heckhound_becter,
          gammafunk_ghost_split

Skill      XL: |  1  2  3  4  5  6  7  8 |
---------------+-------------------------+-----
Conjurations   | 2 3 4 5 6 7 |  7.0
Fire Magic     | 4 5 6 |  6.5
Stealth        | 3 4 |  4.7
Dodging        | 3 4 |  4.1
Evocations     | 1 3 4 |  4.6
Fighting       | 1 2 |  2.7
Short Blades   | 2 |  2.0
Spellcasting   | |  3.0

Action                   |  1- 3 |  4- 6 |  7- 9 || total
-------------------------+-------+-------+-------++-------
Melee: Dagger            |    22 |    19 |    22 ||    63
 Cast: Foxfire           |    44 |    78 |    87 ||   209
       Conjure Flame     |       |     1 |     5 ||     6
       Sticky Flame      |       |       |     5 ||     5
Invok: Curse Item        |       |     2 |     1 ||     3
Evoke: Wand              |       |       |     1 ||     1
 Stab: Sleeping          |     1 |     1 |     2 ||     4
Armor: Robe              |     4 |     5 |     3 ||    12
Dodge: Dodged            |    10 |     7 |    14 ||    31

Table legend: (Time is in decaauts)
 A = Elapsed time spent in this place.
 B = Non-inter-level travel time spent in this place.
 C = Inter-level travel time spent in this place.
 D = Time resting spent in this place.
 E = Time spent auto-exploring this place.
 F = Levels seen in this place.
 G = Mean time per level.
                   A        B        C        D        E       F      G
               +--------+--------+--------+--------+--------+-----+--------+
         Total |   2781 |   2681 |    100 |      0 |      0 |   8 |  347.6 |
       Dungeon |   2468 |   2368 |    100 |      0 |      0 |   7 |  352.6 |
         Sewer |    313 |    313 |      0 |      0 |      0 |   1 |  313.0 |
               +--------+--------+--------+--------+--------+-----+--------+

Top non-repeatable levels by time:
     D:5: 465 daAuts
     D:2: 437 daAuts
     D:6: 411 daAuts
     D:4: 351 daAuts
     D:3: 348 daAuts
     D:1: 326 daAuts
   Sewer: 313 daAuts
     D:7: 127 daAuts
